Map: 国王藏宝地-天梯版

Players

Lobo - Winner!

  • Race: Protoss Protoss

SouLeer

  • Race: Zerg Zerg
  • League: Master

Event: WESG 2018 Grand Finals

VOD

Have the link to the VOD?

Description

Time

  • Played on: March 11, 2019, 3:57 a.m.
  • Length: 5:31

All games in this series

Show
View Real Time Build Order
Export as new Build Order

Lobo Protoss - Winner!

Build Orders: 1 Gate Expand 

Get SALT Encoding   

  12  0:00  Probe  
  13  0:13  Probe  
  14  0:19  Pylon  
  14  0:25  Probe  
  15  0:35  Probe  
  15  0:40  Gateway  
  16  0:43  Probe  
  17  0:50  Assimilator  
  17  0:51  Probe  
  18  1:03  Probe  
  19  1:15  Probe  
  20  1:26  Nexus  
  20  1:36  Cybernetics Core  
  20  1:38  Probe  
  21  1:45  Assimilator  
  21  1:50  Probe  
  22  1:54  Pylon  
  22  2:02  Adept, Probe  
  23  2:14  Probe  
  26  2:19  Robotics Facility  
  26  2:25  Adept  
  26  2:26  Probe, Warp Gate  
  29  2:38  Probe  
  29  2:40  Probe  
  31  2:46  Stalker  
  31  2:50  Probe  
  32  2:52  Probe  
  35  3:04  Probe x2  
  37  3:20  Gateway  
  37  3:21  Shield Battery  
  37  3:29  Probe x2  
  37  3:30  Sentry  
  37  3:31  Warp Prism  
  41  3:37  Twilight Council  
  43  3:41  Probe x2  
  43  3:43  Pylon  
  45  3:59  Probe  
  45  4:01  Probe, Immortal  
  47  4:06  Gateway  
  47  4:07  Gateway  
  49  4:14  Sentry  
  51  4:23  Pylon  
  51  4:34  Sentry  
  53  4:40  Gateway  
  53  4:43  Immortal  
  53  4:45  Pylon  
  53  4:47  Pylon  
  53  4:53  Cybernetics Core  
  53  4:54  Gateway  
  53  4:59  Pylon  
  57  5:06  Zealot x2  
  61  5:24  Zealot  
  61  5:25  Zealot  
Show
View Real Time Build Order
Export as new Build Order

SouLeer Zerg 

Build Orders: Hatch First, Zergling Baneling 

Get SALT Encoding   

  12  0:04  Drone  
  13  0:15  Overlord  
  14  0:21  Drone  
  14  0:34  Drone  
  14  0:35  Drone  
  16  0:39  Drone  
  17  0:57  Hatchery  
  17  1:03  Drone x2  
  18  1:10  Drone  
  19  1:19  Spawning Pool  
  19  1:22  Extractor  
  19  1:23  Drone  
  18  1:31  Drone  
  19  1:42  Drone  
  21  1:54  Drone  
  21  2:06  Zergling x2  
  22  2:08  Queen  
  22  2:09  Queen  
  22  2:10  Zergling x2  
  22  2:15  Drone  
  28  2:24  Metabolic Boost  
  28  2:33  Overlord  
  28  2:35  Overlord  
  28  2:48  Baneling Nest  
  27  2:51  Zergling x2  
  27  2:52  Zergling x6  
  27  2:55  Zergling x2  
  32  2:59  Zergling x2  
  32  3:03  Zergling x2  
  34  3:08  Zergling x2  
  35  3:16  Zergling x2  
  35  3:18  Zergling x4  
  35  3:19  Zergling x2  
  38  3:23  Zergling x6  
  41  3:30  Overlord  
  41  3:33  Baneling x3  
  41  3:34  Baneling x2  
  41  3:35  Zergling x2  
  42  3:42  Overlord  
  42  3:44  Zergling x2  
  43  3:55  Zergling x8  
  43  3:56  Zergling x2  
  44  4:07  Baneling  
  44  4:08  Baneling x3  
  42  4:10  Drone x3  
  42  4:13  Drone  
  42  4:16  Baneling  
  46  4:19  Drone  
  46  4:24  Drone  
  48  4:28  Drone  
  46  4:31  Drone  
  43  4:41  Baneling x2  
  42  4:46  Zergling x6  
  42  4:47  Zergling x8  
  49  4:55  Overlord  
  49  4:58  Zergling x4  
  51  5:03  Baneling x2  
Tags
 
Add a new tag
Caveats
  • Supply blocks, unpowered buildings, or Contaminate may cause inaccurate times.
  • Supply counts are checked every 10 seconds.